SNL (28 & UNDER)
GAINESVILLE GUIDOS @ MONTGOMERY BISCUITS
08/02/2028
 
TOP OF THE 1ST
Gainesville Guidos batting - Pitching for Montgomery Biscuits : RHP Gabriel Oliuo
Pitching: RHP Gabriel Oliuo
Batting: SHB Cornell Payne 0-0: Foul Ball, location: 2F
0-1: Ball
1-1: SINGLE (Groundball, 34) (infield hit)
Batting: RHB Doug Coleman 0-0: Ball
1-0: Ball
2-0: Called Strike
2-1: Foul Ball, location: 2F
2-2: Strikes out swinging
Batting: RHB Kyle O'Day 0-0: Ball
1-0: Fielders Choice at 2nd, 3-6 (Groundball, 34)
Batting: RHB Augusto Baca 0-0: Called Strike
Kyle O'Day steals 2nd base
0-1: Ground out 6-3 (Groundball, 6)
Top of the 1st over - 0 run(s), 1 hit(s), 0 error(s), 1 left on base; Gainesville 0 - Montgomery 0
BOTTOM OF THE 1ST
Montgomery Biscuits batting - Pitching for Gainesville Guidos : LHP Ben Head
Pitching: LHP Ben Head
Batting: LHB Mathew Clayton 0-0: Called Strike
0-1: Ball
1-1: Called Strike
1-2: Strikes out looking
Batting: RHB Glen MacDonald 0-0: Ball
1-0: Called Strike
1-1: Fly out, F8 (Line Drive, 8RD)
Batting: LHB Bob Jones 0-0: Called Strike
0-1: Ball
1-1: Fly out, F7 (Line Drive, 78M)
Bottom of the 1st over - 0 run(s), 0 hit(s), 0 error(s), 0 left on base; Gainesville 0 - Montgomery 0
TOP OF THE 2ND
Gainesville Guidos batting - Pitching for Montgomery Biscuits : RHP Gabriel Oliuo
Batting: RHB Denver Baker 0-0: Ball
1-0: Ball
2-0: Foul Ball, location: 2F
2-1: SINGLE (Line Drive, 34D)
Batting: LHB Mark Owens 0-0: Fly out, F4 (Popup, 4MD)
Batting: RHB Adrián López 0-0: Swinging Strike
0-1: Ground out 4-3 (Groundball, 4M)
Denver Baker to second
Batting: LHB Pedro Juárez 0-0: Ball
1-0: Ball
2-0: Called Strike
2-1: Foul Ball, location: 2F
2-2: 2-RUN HOME RUN (Flyball, 7D), Distance : 385 ft
Batting: SHB António Ramírez 0-0: Ball
1-0: Called Strike
1-1: Swinging Strike
1-2: Strikes out swinging
Top of the 2nd over - 2 run(s), 2 hit(s), 0 error(s), 0 left on base; Gainesville 2 - Montgomery 0
BOTTOM OF THE 2ND
Montgomery Biscuits batting - Pitching for Gainesville Guidos : LHP Ben Head
Batting: RHB Reinaldo Amarante 0-0: Foul Ball, location: 2F
0-1: Ball
1-1: Foul Ball, location: 2F
1-2: Ball
2-2: Foul Ball, location: 2F
2-2: Ground out 5-3 (Groundball, 56)
Batting: SHB Lawrence Farley 0-0: Ball
1-0: Ball
2-0: Ball
3-0: Called Strike
3-1: Base on Balls
Batting: LHB Ron Young 0-0: Called Strike
0-1: Ball
1-1: Swinging Strike
1-2: Ball
2-2: Foul Ball, location: 2F
2-2: Fly out, F3 (Popup, 3S)
Batting: RHB Lawrence Davidson 0-0: Called Strike
0-1: Foul Ball, location: 2F
0-2: Fielders Choice at 2nd, 5-4 (Groundball, 56)
Bottom of the 2nd over - 0 run(s), 0 hit(s), 0 error(s), 0 left on base; Gainesville 2 - Montgomery 0
TOP OF THE 3RD
Gainesville Guidos batting - Pitching for Montgomery Biscuits : RHP Gabriel Oliuo
Batting: SHB Cornell Payne 0-0: Ball
1-0: Ball
2-0: Ball
3-0: Foul Ball, location: 2F
3-1: Ground out 5-3 (Groundball, 56)
Batting: RHB Doug Coleman 0-0: Called Strike
0-1: Swinging Strike
0-2: Ball
1-2: Ball
2-2: Fly out, F6 (Line Drive, 6)
Batting: RHB Kyle O'Day 0-0: Fly out, F2 (Popup, 5S)
Top of the 3rd over - 0 run(s), 0 hit(s), 0 error(s), 0 left on base; Gainesville 2 - Montgomery 0
BOTTOM OF THE 3RD
Montgomery Biscuits batting - Pitching for Gainesville Guidos : LHP Ben Head
Batting: SHB Hoyt Norris 0-0: Ground out 5-3 (Groundball, 5)
Batting: SHB Pancho Ruíz 0-0: Foul Ball, location: 2F
0-1: Foul Ball, location: 2F
0-2: Strikes out swinging
Batting: LHB Mathew Clayton 0-0: Ground out 1-3 (Groundball, 15S)
Bottom of the 3rd over - 0 run(s), 0 hit(s), 0 error(s), 0 left on base; Gainesville 2 - Montgomery 0
TOP OF THE 4TH
Gainesville Guidos batting - Pitching for Montgomery Biscuits : RHP Gabriel Oliuo
Batting: RHB Augusto Baca 0-0: Ball
1-0: Ball
2-0: Ball
3-0: SINGLE (Line Drive, 78S)
Batting: RHB Denver Baker 0-0: Ball
1-0: 2-RUN HOME RUN (Flyball, 9D), Distance : 391 ft
Batting: LHB Mark Owens 0-0: Called Strike
0-1: Foul Ball, location: 2F
0-2: Ball
1-2: Ball
2-2: Ball
3-2: Ground out 5-3 (Groundball, 56)
Batting: RHB Adrián López 0-0: Foul Ball, location: 2F
0-1: Ball
1-1: Fly out, F7 (Flyball, 7LM)
Batting: LHB Pedro Juárez 0-0: Called Strike
0-1: Ball
1-1: Called Strike
1-2: Strikes out swinging
Top of the 4th over - 2 run(s), 2 hit(s), 0 error(s), 0 left on base; Gainesville 4 - Montgomery 0
BOTTOM OF THE 4TH
Montgomery Biscuits batting - Pitching for Gainesville Guidos : LHP Ben Head
Batting: RHB Glen MacDonald 0-0: Ball
1-0: Ball
2-0: Ball
3-0: Base on Balls
Batting: LHB Bob Jones 0-0: Ball
1-0: Fly out, F8 (Flyball, 8RXD)
Batting: RHB Reinaldo Amarante 0-0: Foul Ball, location: 2F
0-1: Called Strike
0-2: Foul Ball, location: 2F
0-2: Ball
Balk!
Glen MacDonald to second
1-2: Strikes out looking
Batting: SHB Lawrence Farley 0-0: Ball
1-0: Ground out 5-3 (Groundball, 56)
Bottom of the 4th over - 0 run(s), 0 hit(s), 0 error(s), 1 left on base; Gainesville 4 - Montgomery 0
TOP OF THE 5TH
Gainesville Guidos batting - Pitching for Montgomery Biscuits : RHP Gabriel Oliuo
Batting: SHB António Ramírez 0-0: Ball
1-0: Swinging Strike
1-1: Ball
2-1: Ball
3-1: Foul Ball, location: 2F
3-2: SINGLE (Groundball, 34D)
Batting: SHB Cornell Payne 0-0: Swinging Strike
0-1: SINGLE (Groundball, 6D)
António Ramírez to second
Batting: RHB Doug Coleman 0-0: Ground out 5-3 (Groundball, 56S)
António Ramírez to third
Cornell Payne to second
Batting: RHB Kyle O'Day 0-0: Called Strike
0-1: SINGLE (Line Drive, 9LM)
António Ramírez scores
Cornell Payne to third
Runner from 3rd tries for Home, SAFE, no throw
Pitching: RHP Brian Barker
Batting: RHB Augusto Baca 0-0: Swinging Strike
0-1: Called Strike
0-2: Ball
1-2: Ball
2-2: Ball
3-2: Base on Balls
Kyle O'Day to second
Batting: RHB Denver Baker 0-0: Ball
1-0: Ball
2-0: Grounds into double play, 4-6-3 (Groundball, 4)
Top of the 5th over - 2 run(s), 3 hit(s), 0 error(s), 1 left on base; Gainesville 6 - Montgomery 0
BOTTOM OF THE 5TH
Montgomery Biscuits batting - Pitching for Gainesville Guidos : LHP Ben Head
Batting: LHB Ron Young 0-0: Ball
1-0: Ball
2-0: Ball
3-0: Base on Balls
Batting: RHB Lawrence Davidson 0-0: Swinging Strike
0-1: Ball
1-1: Ball
2-1: Called Strike
2-2: Reached on error, E6 (Groundball, 6S)
Ron Young to second
Batting: SHB Hoyt Norris 0-0: Called Strike
0-1: Ball
1-1: Ball
2-1: Ball
3-1: Called Strike
3-2: Foul Ball, location: 2F
3-2: Foul Ball, location: 2F
3-2: Foul Ball, location: 2F
3-2: Foul Ball, location: 2F
3-2: Foul Ball, location: 2F
3-2: Base on Balls
Ron Young to third
Lawrence Davidson to second
Batting: SHB Pancho Ruíz 0-0: Grounds into double play, 6-4-3 (Groundball, 6)
Ron Young scores
Lawrence Davidson to third
Batting: LHB Mathew Clayton 0-0: Foul Ball, location: 2F
0-1: Ball
1-1: Called Strike
1-2: Strikes out swinging
Bottom of the 5th over - 1 run(s), 0 hit(s), 1 error(s), 1 left on base; Gainesville 6 - Montgomery 1
TOP OF THE 6TH
Gainesville Guidos batting - Pitching for Montgomery Biscuits : RHP Brian Barker
Batting: LHB Mark Owens 0-0: Ball
1-0: Swinging Strike
1-1: SINGLE (Groundball, 3D)
Batting: RHB Adrián López 0-0: Called Strike
0-1: Fly out, F8 (Flyball, 78D)
Batting: LHB Pedro Juárez 0-0: Foul Ball, location: 2F
0-1: Swinging Strike
0-2: Ball
1-2: Foul Ball, location: 2F
1-2: Ball
2-2: Ball
3-2: Foul Ball, location: 2F
3-2: SINGLE (Line Drive, 8LS)
Mark Owens to second
Batting: SHB António Ramírez 0-0: Ball
1-0: Ball
2-0: Called Strike
2-1: Called Strike
2-2: Ball
3-2: Foul Ball, location: 2F
3-2: Base on Balls
Mark Owens to third
Pedro Juárez to second
Batting: SHB Cornell Payne 0-0: Ball
1-0: Ball
2-0: Ball
3-0: Called Strike
3-1: Fielders Choice at 2nd, 4-6 (Groundball, 4)
Mark Owens scores
Pedro Juárez to third
Batting: RHB Doug Coleman 0-0: Ball
1-0: Ball
Passed Ball!
Pedro Juárez scores
Cornell Payne to second
2-0: SINGLE (Line Drive, 6)
Cornell Payne to third
Runner from 3rd tries for Home, SAFE, no throw
Batting: RHB Kyle O'Day 0-0: Called Strike
0-1: Ground out 5-3 (Groundball, 56S)
Top of the 6th over - 3 run(s), 3 hit(s), 0 error(s), 1 left on base; Gainesville 9 - Montgomery 1
BOTTOM OF THE 6TH
Montgomery Biscuits batting - Pitching for Gainesville Guidos : LHP Ben Head
Batting: RHB Glen MacDonald 0-0: SINGLE (Line Drive, 4D)
Batting: LHB Bob Jones 0-0: 2-RUN HOME RUN (Flyball, 9D), Distance : 382 ft
Batting: RHB Reinaldo Amarante 0-0: Ground out 5-3 (Groundball, 56S)
Batting: SHB Lawrence Farley 0-0: Foul Ball, location: 2F
0-1: Ball
1-1: Ball
2-1: Swinging Strike
2-2: Ball
3-2: Base on Balls
Batting: LHB Ron Young 0-0: Ball
1-0: Ball
2-0: Fly out, F8 (Line Drive, 89M)
Batting: RHB Lawrence Davidson 0-0: Foul Ball, location: 2F
0-1: Ball
1-1: Foul Ball, location: 2F
1-2: Ball
2-2: Strikes out swinging
Bottom of the 6th over - 2 run(s), 2 hit(s), 0 error(s), 1 left on base; Gainesville 9 - Montgomery 3
TOP OF THE 7TH
Gainesville Guidos batting - Pitching for Montgomery Biscuits : RHP Brian Barker
Batting: RHB Augusto Baca 0-0: Fly out, F5 (Line Drive, 5)
Batting: RHB Denver Baker 0-0: Ball
1-0: Called Strike
1-1: DOUBLE (Groundball, 5L)
Batting: LHB Mark Owens 0-0: Ball
1-0: Called Strike
1-1: Swinging Strike
1-2: Strikes out swinging
Batting: RHB Adrián López 0-0: Ground out 6-3 (Groundball, 6)
Top of the 7th over - 0 run(s), 1 hit(s), 0 error(s), 1 left on base; Gainesville 9 - Montgomery 3
BOTTOM OF THE 7TH
Montgomery Biscuits batting - Pitching for Gainesville Guidos : LHP Ben Head
Batting: SHB Hoyt Norris 0-0: Swinging Strike
0-1: Ball
1-1: Foul Ball, location: 2F
1-2: Ball
2-2: SINGLE (Groundball, 6MD)
Pitching: RHP Matt Johnston
Batting: SHB Pancho Ruíz 0-0: Swinging Strike
0-1: Fly out, F8 (Flyball, 78M)
Batting: LHB Mathew Clayton 0-0: Fly out, F9 (Flyball, 9LM)
Batting: RHB Glen MacDonald 0-0: Swinging Strike
0-1: Foul Ball, location: 2F
0-2: Strikes out swinging
Bottom of the 7th over - 0 run(s), 1 hit(s), 0 error(s), 1 left on base; Gainesville 9 - Montgomery 3
TOP OF THE 8TH
Gainesville Guidos batting - Pitching for Montgomery Biscuits : RHP Brian Barker
Pitching: RHP Enrique Boyd
Batting: LHB Pedro Juárez 0-0: Ball
1-0: Swinging Strike
1-1: Swinging Strike
1-2: Ground out 4-3 (Groundball, 4)
Batting: SHB António Ramírez 0-0: Ball
1-0: Foul Ball, location: 2F
1-1: Foul Ball, location: 2F
1-2: SINGLE (Groundball, 34D)
Batting: SHB Cornell Payne 0-0: Ball
1-0: Called Strike
1-1: Ball
2-1: Ball
3-1: Base on Balls
António Ramírez to second
Batting: RHB Doug Coleman 0-0: Ball
1-0: Called Strike
1-1: Foul Ball, location: 2F
1-2: Foul Ball, location: 2F
1-2: Foul Ball, location: 2F
1-2: Strikes out swinging
Batting: RHB Kyle O'Day 0-0: Ball
1-0: Ball
2-0: Fly out, F8 (Flyball, 78D)
Top of the 8th over - 0 run(s), 1 hit(s), 0 error(s), 2 left on base; Gainesville 9 - Montgomery 3
BOTTOM OF THE 8TH
Montgomery Biscuits batting - Pitching for Gainesville Guidos : RHP Matt Johnston
Now in LF: Robbie Turner
Batting: LHB Bob Jones 0-0: Swinging Strike
0-1: SINGLE (Flyball, 8LS)
Batting: RHB Reinaldo Amarante 0-0: Fly out, F6 (Line Drive, 6)
Batting: SHB Lawrence Farley 0-0: Ball
1-0: Ball
2-0: Ball
3-0: Base on Balls
Bob Jones to second
Batting: LHB Ron Young 0-0: Ball
1-0: Swinging Strike
1-1: Foul Ball, location: 2F
1-2: Strikes out swinging
Batting: RHB Lawrence Davidson 0-0: Ground out 6-3 (Groundball, 6MD)
Bottom of the 8th over - 0 run(s), 1 hit(s), 0 error(s), 2 left on base; Gainesville 9 - Montgomery 3
TOP OF THE 9TH
Gainesville Guidos batting - Pitching for Montgomery Biscuits : RHP Enrique Boyd
Batting: RHB Augusto Baca 0-0: Foul Ball, location: 2F
0-1: Swinging Strike
0-2: SOLO HOME RUN (Flyball, 7D), Distance : 379 ft
Batting: RHB Denver Baker 0-0: Ball
1-0: Called Strike
1-1: Ball
2-1: Ground out 6-3 (Groundball, 6)
Batting: LHB Mark Owens 0-0: Ground out 4-3 (Groundball, 4)
Batting: RHB Adrián López 0-0: Fly out, F7 (Flyball, 7)
Top of the 9th over - 1 run(s), 1 hit(s), 0 error(s), 0 left on base; Gainesville 10 - Montgomery 3
BOTTOM OF THE 9TH
Montgomery Biscuits batting - Pitching for Gainesville Guidos : RHP Matt Johnston
Now at C: Scott Young
Batting: SHB Hoyt Norris 0-0: Called Strike
0-1: Ball
1-1: Ground out 1-3 (Groundball, 13S)
Batting: SHB Pancho Ruíz 0-0: Called Strike
0-1: Ball
1-1: Fly out, F6 (Line Drive, 6M)
Pitching: RHP Mario Tovar
Batting: LHB Mathew Clayton 0-0: SOLO HOME RUN (Line Drive, 9D), Distance : 393 ft
Batting: RHB Glen MacDonald 0-0: Ball
1-0: Foul Ball, location: 2F
1-1: Fly out, F8 (Line Drive, 8RM)
Bottom of the 9th over - 1 run(s), 1 hit(s), 0 error(s), 0 left on base; Gainesville 10 - Montgomery 4
Tuesday, August 8th, 2017 - OOTP Baseball 17.12 Build 75